 Dungeon Crawl Stone Soup version 0.30.1-11-g7821555f0a (webtiles) character file.

Game seed: 15202371967188098999

136 DoubleLucky the Magician (level 4, -1/33 HPs)
             Began as a Draconian Fire Elementalist on Jan 4, 2024.
             Succumbed to a kobold brigand's poison
             ... on level 3 of the Dungeon.
             The game lasted 00:25:19 (3059 turns).

DoubleLucky the Magician (DrFE)                     Turns: 3059, Time: 00:25:20

Health: -1/33      AC:  6    Str: 10    XL:     4   Next: 98%
Magic:  3/10       EV: 12    Int: 18    God:
Gold:   113        SH:  5    Dex: 11    Spells: 8/11 levels left

rFire   . . .        h - +0 dagger (freeze)
rCold   . . .        (no shield)
rNeg    + . .        (body armour unavailable)
rPois   .            (helmet restricted)
rElec   .            (no cloak)
rCorr   .            l - +0 pair of gloves
SInv    .            (no boots)
Will    .....        k - amulet of reflection
Stlth   ++           j - ring of positive energy
HPRegen 0.25/turn    (no ring)
MPRegen 0.12/turn

%: reflection
@: lethally poisoned (-1 -> -29), very slightly contaminated
A: AC +5, unfitting armour, cold-blooded
a: no special abilities


You were on level 3 of the Dungeon.
You visited 1 branch of the dungeon, and saw 3 of its levels.

You collected 125 gold pieces.
You spent 12 gold pieces at shops.

Inventory:

Hand Weapons
 d - a +0 whip
 h - a +0 dagger of freezing (weapon)
Armour
 l - a +0 pair of gloves (worn)
Jewellery
 j - a ring of positive energy (left hand)
 k - an amulet of reflection (around neck)
Wands
 p - a wand of acid (10)
Scrolls
 e - 2 scrolls of identify {unknown}
 g - a scroll of fear {unknown}
 m - 2 scrolls of vulnerability {unknown}
 o - a scroll of acquirement {unknown}
 q - a scroll of blinking {unknown}
Potions
 a - a potion of magic
 b - a potion of cancellation {unknown}
 c - a potion of attraction {unknown}
 f - a potion of resistance {unknown}
 i - a potion of degeneration {unknown}
 n - a potion of berserk rage {unknown}


   Skills:
 - Level 1.7 Dodging
 - Level 1.7 Stealth
 + Level 4.0 Spellcasting
 + Level 2.1 Conjurations
 + Level 3.5 Fire Magic


You had 8 spell levels left.
You knew the following spells:

 Your Spells              Type           Power      Damage    Failure   Level
a - Foxfire               Conj/Fire      52%        2x1d6     4%          1
b - Scorch                Fire           32%        2d6       5%          2

Your spell library contained the following spells:

 Spells                   Type           Power      Damage    Failure   Level
 Inner Flame              Hex/Fire       10%        N/A       22%         3
 Volatile Blastmotes      Fire/Tloc      20%        2d11      22%         3
 Flame Wave               Conj/Fire      13%        2d6       41%         4
 Yara's Violent Unravell  Hex/Tmut       1%         3d3       99%         5
 Enfeeble                 Hex            1%         N/A       100%        7


Dungeon Overview and Level Annotations

Branches:
Dungeon (3/15)

Altars:
Ashenzari
Gozag
Xom

Shops:
D:1 =!?   D:2 =


Innate Abilities, Weirdness & Mutations

Your plain brown scales are hard. (AC +5)
You cannot fit into any form of body armour.
You are cold-blooded and may be slowed by cold attacks.


Message History

Casting: Foxfire (safe; 4% risk of failure)
Confirm with . or Enter, or press ? or * to list all spells.
You conjure some foxfire!
The kobold brigand drinks a potion.
The kobold brigand seems to grow stronger.
Casting: Foxfire (safe; 4% risk of failure)
Confirm with . or Enter, or press ? or * to list all spells.
You conjure some foxfire!
The foxfire hits the kobold brigand but does no damage.
The kobold brigand is heavily wounded.
The kobold brigand throws a poisoned dart.
The poisoned dart closely misses you. The poisoned dart hits your foxfire!
The foxfire hits the kobold brigand.
The kobold brigand is heavily wounded.
Casting: Foxfire (safe; 4% risk of failure)
Confirm with . or Enter, or press ? or * to list all spells.
You miscast Foxfire.
You are very lightly contaminated with residual magic.
Nothing appears to happen.
The foxfire hits the kobold brigand but does no damage.
The kobold brigand is heavily wounded.
The foxfire hits the kobold brigand but does no damage.
The kobold brigand is heavily wounded.
Casting: Foxfire (safe; 4% risk of failure)
Confirm with . or Enter, or press ? or * to list all spells.
Flames lash the kobold brigand.
The kobold brigand is severely wounded.
The kobold brigand's fire resistance burns away.
The kobold brigand hits you with a +2 dagger of venom!
You are poisoned.
Casting: Scorch (safe; 5% risk of failure)
Confirm with . or Enter, or press ? or * to list all spells.
You conjure some foxfire!
You feel very sick.
The kobold brigand hits you with a +2 dagger of venom!
* * * LOW HITPOINT WARNING * * *
You are more poisoned.
Casting: Foxfire (safe; 4% risk of failure)
Confirm with . or Enter, or press ? or * to list all spells.
You conjure some foxfire!
You die...

.....#..###....####...#
####.#..# #....# ##.## #.#..#
#....# #.############
#.#..####...### #.............
#.#...........#######.#######.
#......####.......##.#.## #.
####..#.#.# #§#.###.#.###.##
#> .†......#.####.#K##...##
##.####.
##.............v@v..#.#
##.<...
...........[...vv##...##
##.#####
##......>..)...#####.#.###.##
##...##############.##.#.###
##.##...(....>.....###....#
####.##.############.# ####.#
...#.##.# #.# #.# .#....#.#
#.# ####.#### ..†...#(# #####
#.# #.......#


You could see a kobold brigand (strong, combustible, ally target).

Vanquished Creatures
  A kobold brigand (D:3)
  A gnoll (D:3)
  An adder (D:3)
  A worm (D:3)
  3 orcs (D:3)
  5 ball pythons
  6 endoplasms
  3 giant cockroaches (D:3)
  2 hobgoblins (D:2)
  A quokka (D:2)
  3 bats
  2 frilled lizards (D:1)
  6 goblins
  8 kobolds
  4 rats
47 creatures vanquished.

Vanquished Creatures (others)
  128 foxfires
128 creatures vanquished.

Grand Total: 175 creatures vanquished

Notes
Turn   | Place    | Note
-------+----------+-------------------------------------------
     0 | D:1      | DoubleLucky the Draconian Fire Elementalist began the quest
                  | for the Orb.
     0 | D:1      | Reached XP level 1. HP: 14/14 MP: 3/3
   102 | D:1      | Found Wilipp's Jewellery Shop.
   480 | D:1      | Found Wetwet's Distillery.
   501 | D:1      | Found Fifubod's Magic Scroll Shop.
   507 | D:1      | Bought a scroll of noise for 12 gold pieces
   710 | D:1      | Reached XP level 2. HP: 20/20 MP: 0/5
   943 | D:1      | Learned a level 2 spell: Scorch
  1053 | D:2      | Found Xunaunn's Jewellery Emporium.
  1208 | D:2      | Reached skill level 3 in Spellcasting
  1623 | D:2      | Found a broken altar of Ashenzari.
  1855 | D:3      | Reached XP level 3. HP: 26/26 MP: 4/7
  2297 | D:3      | Noticed a kobold brigand
  2299 | D:3      | Noticed a kobold brigand
  2364 | D:3      | Killed a kobold brigand
  2365 | D:3      | Reached skill level 4 in Spellcasting
  2365 | D:3      | Reached XP level 4. HP: 32/33 MP: 0/10
  2551 | D:3      | Found an opulent altar of Gozag.
  2828 | D:3      | Found a shimmering altar of Xom.
  3059 | D:3      | Succumbed to a kobold brigand's poison

Illustrated notes

Levels and vault maps discovered:
D:1:      mainiacjoe_arrival_reflecting_pool, layout_loops_ring,
          serial_aquarium, aquarium_bridge_straight [aquarium_subvault_bridge,
          aquarium_subvault_balcony, aquarium_subvault_bridge,
          aquarium_subvault_wall], aquarium_bridge_straight
          [aquarium_subvault_bridge, aquarium_subvault_wall,
          aquarium_subvault_bridge, aquarium_subvault_window],
          aquarium_window_1, aquarium_window_3, aquarium_view_2b,
          aquarium_balcony_1b, serial_shops, shop, nicolae_square_shop,
          nicolae_shop_competitors_out_of_business
D:2:      layout_loops_ring, basic_altar, serial_shops, nicolae_shop_trees
D:3:      cheibrodos_thug_alley, layout_loops_ring, tgw_xom,
          mainiacjoe_overflow_tiny_flanked

Skill      XL: |  1  2  3  4 |
---------------+-------------+-----
Spellcasting   | 3 4 |  4.0
Conjurations   | 2 |  2.1
Dodging        | |  1.7
Stealth        | |  1.7
Fire Magic     | |  3.5

Action                     |  1- 3 |  4- 6 || total
---------------------------+-------+-------++-------
  Melee: Unarmed           |     2 |       ||     2
         Dagger            |    24 |     2 ||    26
         Tailslap          |     4 |       ||     4
   Cast: Foxfire           |    60 |    25 ||    85
         Scorch            |       |     1 ||     1
   Stab: Sleeping          |     1 |       ||     1
 Armour: Skin              |    10 |       ||    10
  Dodge: Dodged            |    20 |     2 ||    22
